 Dungeon Crawl Stone Soup version 0.27-a0-1325-g58a489ad9e (webtiles) character file.

Game seed: 9333622087795382987

16 kae the Skirmisher (level 2, 0/27 HPs)
             Began as a Hill Orc Fighter on June 24, 2021.
             Slain by a hobgoblin (7 damage)
             ... on level 1 of the Dungeon.
             The game lasted 00:00:13 (365 turns).

kae the Skirmisher (Hill Orc Fighter)                Turns: 365, Time: 00:00:13

Health: 0/27       AC:  6    Str: 18    XL:     2   Next: 54%
Magic:  2/2        EV:  7    Int:  8    God:
Gold:   33         SH:  9    Dex: 10    Spells: 1/1 levels left

rFire    . . .     SeeInvis .   a - +0 war axe
rCold    . . .     Faith    .   c - +0 kite shield
rNeg     . . .     Spirit   .   b - +0 scale mail
rPois    .         Reflect  .   (no helmet)
rElec    .         Harm     .   (no cloak)
rCorr    .         Rampage  .   (no gloves)
Will     .....                  (no boots)
Stlth    ..........             (no amulet)
HPRegen  0.09/turn              (no ring)
MPRegen  0.08/turn              (no ring)

@: no status effects
A: no striking features
a: no special abilities


You were on level 1 of the Dungeon.
You visited 1 branch of the dungeon, and saw 1 of its levels.

You collected 33 gold pieces.

Inventory:

Hand Weapons
 a - a +0 war axe (weapon)
Armour
 b - a +0 scale mail (worn)
 c - a +0 kite shield (worn)
Jewellery
 i - a +6 ring of intelligence
Scrolls
 e - a scroll of summoning {unknown}
 f - 2 scrolls of identify {unknown}
 h - a scroll of immolation {unknown}
 j - a scroll of noise {unknown}
Potions
 d - a potion of might
 g - a potion of mutation {unknown}


   Skills:
 + Level 4.0 Fighting
 * Level 3.7 Axes
 - Level 3.2 Armour
 - Level 3.2 Shields


You had one spell level left.
You didn't know any spells.
Your spell library was empty.

Dungeon Overview and Level Annotations

Branches:
Dungeon (1/15)

Altars:


Message History

Your Fighting skill increases to level 4!
You hit the giant cockroach.
You kill the giant cockroach!
A gnoll comes into view. It is wielding a +0 club.
The gnoll shouts!
You hear a bark! x2
A gnoll is nearby!
You hit the gnoll.
The gnoll is lightly wounded.
The gnoll hits you with a +0 club.
A hobgoblin comes into view. It is wielding a +0 short sword.
You block the gnoll's attack.
You are too injured to fight recklessly!
There are monsters nearby!
You are too injured to fight recklessly!
You are too injured to fight recklessly!
There are monsters nearby!
You are too injured to fight recklessly!
You are too injured to fight recklessly!
There are monsters nearby!
You are too injured to fight recklessly!
You are too injured to fight recklessly!
You barely miss the gnoll.
The gnoll is lightly wounded.
The hobgoblin shouts!
You block the gnoll's attack.
You hit the gnoll.
The gnoll is lightly wounded.
The gnoll hits you but does no damage. The gnoll hits you with a +0 club.
You closely miss the gnoll.
The gnoll is lightly wounded.
You closely miss the hobgoblin.
The hobgoblin hits you but does no damage.
The gnoll barely misses you.
The hobgoblin hits you with a +0 short sword.
You slash the gnoll!
The gnoll is almost dead.
You barely miss the hobgoblin. The gnoll hits you with a +0 club.
* * * LOW HITPOINT WARNING * * *
The hobgoblin hits you with a +0 short sword!
You die...

#...# ..####......#
##..# #.#####..#
#..# ... #).# #.#
#.)# . #.# #..# #.##
#.# #..# .....
###.#####..#
#.....###....).....#
......g@.†#.######.#
#.....g.....# .#
..........### ..
#.....###... .#.
#.#.## #.### #.# #
#. #.# # # ... ..


You could see a gnoll and a hobgoblin.

Vanquished Creatures
  2 ball pythons (D:1)
  2 giant cockroaches (D:1)
  2 goblins (D:1)
  A hobgoblin (D:1)
  A jackal (D:1)
  A kobold (D:1)
  2 quokkas (D:1)
  2 rats (D:1)
13 creatures vanquished.

Notes
Turn   | Place    | Note
-------+----------+-------------------------------------------
     0 | D:1      | kae the Hill Orc Fighter began the quest for the Orb.
     0 | D:1      | Reached XP level 1. HP: 19/19 MP: 1/1
    69 | D:1      | Reached XP level 2. HP: 27/27 MP: 2/2
   354 | D:1      | Reached skill level 4 in Fighting
   365 | D:1      | Slain by a hobgoblin

Illustrated notes

Levels and vault maps discovered:
D:1:      lightli_arrival_boilingwater, layout_loops_ring,
          shapermc_ecumenical_altar_mp_urbaneastern, minmay_split_cup_large

Skill      XL: |  1  2 |
---------------+-------+-----
Axes           | 3 |  3.7
Fighting       | 4 |  4.0
Armour         | |  3.2
Shields        | |  3.2

Action                   || total
-------------------------++-------
Melee: War axe           ||    47
Armor: Scale mail        ||    20
Dodge: Dodged            ||    13
Block: Kite shield       ||    34

Table legend: (Time is in decaauts)
 A = Elapsed time spent in this place.
 B = Non-inter-level travel time spent in this place.
 C = Inter-level travel time spent in this place.
 D = Time resting spent in this place.
 E = Time spent auto-exploring this place.
 F = Levels seen in this place.
 G = Mean time per level.
                   A        B        C        D        E       F      G
               +--------+--------+--------+--------+--------+-----+--------+
         Total |    396 |    396 |      0 |      0 |    284 |   1 |  396.0 |
       Dungeon |    396 |    396 |      0 |      0 |    284 |   1 |  396.0 |
               +--------+--------+--------+--------+--------+-----+--------+

Top non-repeatable levels by time:
     D:1: 396 daAuts
